Map: Abyssal Reef LE

Players

Railgan - Winner!

  • Race: Zerg Zerg
  • League: Grandmaster
  • Spawn Location: 11:00

Hopt

  • Race: Terran Terran
  • League: Grandmaster
  • Spawn Location: 5:00

VOD

Have the link to the VOD?

Description

Time

  • Played on: March 24, 2017, 3:49 p.m.
  • Length: 11:57
Show
View Real Time Build Order
Export as new Build Order

Railgan Zerg - Winner!

Build Orders: Pool First 

Get SALT Encoding   

  12  0:01  Drone  
  13  0:12  Overlord  
  13  0:18  Drone  
  14  0:31  Drone x2  
  16  0:36  Drone  
  17  0:45  Spawning Pool  
  17  0:48  Drone  
  17  0:56  Drone  
  18  1:13  Hatchery  
  18  1:15  Extractor  
  16  1:19  Drone  
  16  1:20  Drone  
  18  1:34  Roach Warren, Zergling x2  
  18  1:42  Queen  
  18  1:46  Drone  
  21  1:49  Drone  
  22  2:02  Overlord  
  22  2:20  Queen  
  23  2:23  Roach  
  23  2:24  Roach  
  23  2:26  Roach  
  29  2:33  Drone  
  29  2:34  Queen  
  32  2:42  Overlord  
  33  2:51  Drone x2  
  33  2:57  Drone x2  
  36  2:59  Overlord  
  36  3:08  Lair  
  36  3:14  Overlord  
  36  3:19  Drone x2  
  36  3:30  Drone x4  
  36  3:33  Drone  
  39  3:35  Drone  
  39  3:37  Drone  
  39  3:40  Drone  
  42  3:42  Drone  
  42  3:45  Drone  
  42  3:46  Drone  
  45  3:49  Drone  
  45  3:53  Overlord  
  46  3:55  Extractor  
  46  3:59  Extractor, Drone  
  46  4:00  Drone  
  46  4:02  Drone  
  47  4:03  Drone  
  48  4:12  Spire  
  48  4:13  Drone  
  48  4:14  Extractor  
  47  4:19  Drone x4  
  50  4:31  Overseer  
  50  4:32  Drone x6  
  50  4:35  Overlord  
  56  4:40  Overlord  
  56  4:50  Overlord  
  56  4:51  Glial Reconstitution  
  56  4:53  Roach x2  
  56  4:55  Roach  
  62  5:01  Roach  
  62  5:03  Roach  
  62  5:04  Roach  
  62  5:06  Ravager  
  69  5:11  Roach x2  
  73  5:26  Hatchery  
  71  5:29  Corruptor x2  
  75  5:36  Overlord x2  
  75  5:47  Roach x4  
  83  6:09  Evolution Chamber x2  
  83  6:10  Roach  
  83  6:11  Roach x7  
  97  6:16  Ravager x2  
  99  6:34  Overlord  
  99  6:39  Roach x2  
  103  6:43  Overlord  
  103  6:45  Zerg Missile Weapons Level 1, Zerg Ground Armor Level 1  
  103  6:47  Corruptor  
  103  6:52  Overlord  
  103  6:53  Overlord  
  105  6:54  Drone  
  105  6:55  Drone  
  105  6:56  Drone x3  
  105  6:57  Drone x3  
  113  7:04  Drone  
  113  7:06  Drone, Queen  
  113  7:07  Drone  
  118  7:15  Overlord  
  118  7:17  Drone x2  
  118  7:20  Drone x5  
  125  7:23  Roach  
  125  7:29  Extractor  
  126  7:30  Extractor, Roach  
  126  7:33  Roach  
  126  7:36  Hatchery  
  126  7:39  Roach  
  128  7:46  Roach x4  
  128  7:47  Overlord  
  136  7:56  Drone  
  136  7:57  Drone x2  
  137  7:59  Drone  
  137  8:01  Roach x2  
  142  8:08  Corruptor  
  142  8:17  Roach  
  142  8:18  Roach x4  
  132  8:25  Roach  
  132  8:26  Roach  
  136  8:29  Ravager x5  
  136  8:31  Roach x4  
  149  8:35  Overlord  
  149  8:39  Roach  
  151  8:42  Overlord  
  151  8:46  Overlord  
  151  8:47  Zerg Ground Armor Level 2, Zerg Missile Weapons Level 2  
  147  8:56  Roach  
  147  8:57  Roach  
  147  9:00  Roach  
  147  9:01  Roach x9  
  155  9:21  Roach x5  
  155  9:22  Overlord  
  155  9:24  Corruptor  
  165  9:25  Roach x6  
  165  9:28  Roach  
  165  9:31  Roach  
  172  9:45  Roach x3  
  145  9:46  Roach  
  145  9:49  Roach  
  130  9:53  Roach x2  
  130  9:54  Roach  
  130  9:55  Roach  
  130  9:59  Roach x2  
  135  10:00  Roach x3  
  135  10:06  Ravager  
  135  10:07  Ravager x3  
  139  10:08  Roach x2  
  139  10:11  Roach x2  
  139  10:14  Drone, Roach x2  
  151  10:15  Drone x2  
  151  10:19  Overlord  
  151  10:20  Roach  
  151  10:21  Roach x2  
  160  10:23  Overlord  
  160  10:28  Roach  
  162  10:33  Roach x2  
  162  10:34  Roach x2  
  146  10:36  Roach  
  146  10:38  Roach  
  146  10:39  Roach x2  
  126  10:45  Roach x3  
  126  10:46  Roach  
  128  10:51  Roach x3  
  128  10:54  Ravager  
  128  10:56  Ravager  
  132  10:58  Roach  
  132  10:59  Drone, Roach x3  
  132  11:02  Roach  
  135  11:19  Corruptor  
  135  11:21  Roach x3  
  135  11:22  Roach x3  
  147  11:28  Roach x4  
  147  11:29  Roach x5  
  165  11:34  Drone x2, Overlord  
Show
View Real Time Build Order
Export as new Build Order

Hopt Terran 

Build Orders: Reaper Expand, MMM Bio 

Get SALT Encoding   

  12  0:00  SCV  
  13  0:12  SCV  
  14  0:17  Supply Depot  
  14  0:25  SCV  
  15  0:38  SCV  
  15  0:40  Barracks  
  16  0:44  Refinery  
  16  0:50  SCV  
  17  1:03  SCV  
  18  1:15  SCV  
  19  1:27  Reaper, Orbital Command  
  20  1:41  Command Center  
  20  1:52  Barracks  
  20  1:54  SCV  
  20  2:00  Barracks Reactor  
  21  2:05  Supply Depot  
  21  2:09  SCV  
  22  2:21  SCV  
  22  2:22  Factory  
  23  2:33  Refinery, SCV  
  24  2:38  Marine x2  
  24  2:40  Barracks Tech Lab  
  26  2:45  SCV  
  26  2:49  Marine  
  28  2:55  Orbital Command  
  28  2:58  Marine  
  28  2:59  Marine  
  28  3:01  Bunker  
  30  3:09  Cyclone  
  30  3:12  SCV  
  34  3:17  Marine  
  35  3:20  SCV  
  35  3:24  SCV  
  35  3:29  Marine, Barracks Tech Lab  
  35  3:32  SCV  
  36  3:38  Marine  
  36  3:39  Starport  
  37  3:45  SCV x2  
  37  3:48  Marine x2, Stimpack  
  41  3:56  Factory Reactor  
  41  3:57  Supply Depot, SCV  
  41  3:59  SCV  
  41  4:01  Marine  
  44  4:06  Marine  
  44  4:07  Marine, Supply Depot  
  46  4:18  SCV x2  
  46  4:20  Medivac  
  49  4:27  Supply Depot  
  49  4:28  Engineering Bay  
  49  4:30  Marine x2, SCV x2  
  53  4:32  Marine  
  54  4:41  Factory Tech Lab  
  54  4:44  SCV x2  
  56  4:48  Marine x2  
  56  4:50  Marine  
  59  4:56  Terran Infantry Weapons Level 1, SCV  
  59  4:58  SCV  
  61  5:03  Medivac  
  61  5:04  Refinery  
  61  5:05  Engineering Bay  
  61  5:06  Marine x2  
  65  5:08  Marine, SCV  
  67  5:14  Supply Depot  
  67  5:15  SCV  
  67  5:20  SCV  
  69  5:23  Marine  
  70  5:31  Barracks  
  70  5:35  Marine x2, Supply Depot, Refinery  
  70  5:36  Siege Tank, SCV  
  70  5:38  Supply Depot  
  70  5:41  Marine  
  77  5:43  Terran Infantry Armor Level 1, SCV  
  78  5:57  Marine x2, Medivac, SCV, Combat Shields  
  78  5:59  Marine  
  78  6:04  SCV  
  85  6:14  Supply Depot x2  
  85  6:15  Marine x2, Command Center  
  85  6:17  Marine  
  88  6:20  Barracks Reactor  
  88  6:21  Siege Tank  
  89  6:32  Marine x2, Medivac  
  89  6:35  Marine  
  89  6:38  Barracks  
  91  6:40  Barracks  
  91  6:43  Medivac  
  93  6:49  Armory  
  93  6:50  Marine, Supply Depot  
  94  6:54  Marine x2  
  94  6:58  Marine x2  
  99  7:01  SCV x2  
  99  7:06  Siege Tank  
  99  7:08  Marine  
  103  7:12  Marine x2  
  103  7:13  Supply Depot  
  106  7:16  Marine x2  
  106  7:17  Concussive Shells  
  106  7:19  Medivac  
  110  7:25  Barracks Reactor  
  110  7:27  Barracks Reactor  
  110  7:30  Marine  
  110  7:33  Marine x2  
  113  7:37  Marine x2  
  115  7:45  SCV  
  115  7:47  Marine  
  116  7:56  Orbital Command  
  116  7:58  Marine  
  113  7:59  Marine x2  
  113  8:00  Marine  
  113  8:05  Marine  
  112  8:06  Marine x4  
  112  8:07  Siege Tank, Medivac  
  112  8:09  SCV x2  
  122  8:16  Marine  
  122  8:17  Marine  
  122  8:21  SCV x2  
  122  8:24  Marine x2, Terran Infantry Weapons Level 2, SCV  
  122  8:26  Terran Infantry Armor Level 2  
  127  8:29  Marine x4  
  127  8:33  SCV x2  
  133  8:40  Supply Depot  
  133  8:42  Supply Depot x2, SCV  
  133  8:43  Marine x2  
  133  8:44  Marine x3  
  139  8:52  Siege Tank  
  135  9:00  Marine x2  
  134  9:02  Marine  
  134  9:03  Marine  
  134  9:04  Marine x2  
  134  9:06  Marine  
  134  9:07  Marine  
  139  9:14  Marine  
  133  9:18  Marine x2  
  133  9:20  Marine x2  
  134  9:25  Marine x2  
  136  9:33  Marine  
  136  9:34  Marine x2  
  136  9:36  Marine x2, Barracks  
  136  9:37  Barracks, Command Center  
  133  9:38  Marine x2  
  133  9:43  Marine x2  
  110  9:51  Marine  
  110  9:52  Marine x2, Medivac x2, Siege Tank  
  106  9:53  Marine  
  106  9:54  Marine  
  106  9:56  Marine x2  
  109  10:01  Marine x2  
  111  10:09  Marine x2  
  111  10:10  Marine  
  114  10:15  Marine  
  114  10:16  Marine x2  
  114  10:17  Marine  
  114  10:19  Marine  
  119  10:21  Refinery  
  119  10:22  Medivac x2, Refinery  
  119  10:23  Marine  
  122  10:29  Barracks Tech Lab x2  
  122  10:32  Marine  
  122  10:33  Marine x3  
  122  10:34  Marine x3  
  112  10:36  Marine  
  112  10:41  Marine  
  97  10:46  Siege Tank  
  90  10:50  Marine x3  
  90  10:51  Marine x4  
  90  10:52  Marine x2  
  90  10:54  Marine  
  98  10:59  Marine  
  98  11:02  Medivac  
  101  11:08  Marine x3  
  101  11:09  Marine x4  
  101  11:10  Marine x2  
  106  11:12  Marine  
  106  11:17  Marine  
  94  11:18  Siege Tank  
  89  11:26  Marine  
  89  11:27  Marine x4  
  89  11:28  Marine x2  
  89  11:30  Marine  
  92  11:35  Marine  
Tags
 
Add a new tag
Caveats
  • Supply blocks, unpowered buildings, or Contaminate may cause inaccurate times.
  • Supply counts are checked every 10 seconds.